 Dungeon Crawl Stone Soup version 0.28.0-43-g3370ac3207 (webtiles) character file.

Game seed: 219612726125952786

1198 experimilk the Archer (level 8, -1/68 HPs)
             Began as a Minotaur Hunter on Mar 12, 2022.
             Slain by an orc warrior
             ... wielding a +0 halberd
              (15 damage)
             ... on level 6 of the Dungeon on Mar 13, 2022.
             The game lasted 00:14:25 (6470 turns).

experimilk the Archer (Minotaur Hunter)             Turns: 6470, Time: 00:14:25

Health: -1/68      AC: 10    Str: 18    XL:     8   Next: 20%
Magic:  7/7        EV: 12    Int:  4    God:
Gold:   172        SH:  0    Dex: 15    Spells: 7/7 levels left

rFire   + . .      SeeInvis .   b - +11 falchion of Destruction {vorpal, rC++ Int-4 Dex+3}
rCold   + + +      Faith    .   (no shield)
rNeg    . . .      Spirit   .   y - +0 ring mail {rF+}
rPois   .          Reflect  .   (helmet restricted)
rElec   .          Harm     .   (no cloak)
rCorr   .          Rampage  .   p - +1 pair of gloves
Will    .....                   j - +1 pair of boots
Stlth   +.........              (no amulet)
HPRegen 0.21/turn               l - ring of protection from cold
MPRegen 0.10/turn               (no ring)

@: studying Short Blades
A: horns 2, retaliatory headbutt
a: no special abilities


You were on level 6 of the Dungeon.
You visited 1 branch of the dungeon, and saw 6 of its levels.
You also visited: Sewer.

You collected 208 gold pieces.
You spent 36 gold pieces at shops.

Inventory:

Hand Weapons
 a - a +2 shortbow
 b - the +11 falchion of Destruction (weapon) {vorpal, rC++ Int-4 Dex+3}
   (You found it on level 6 of the Dungeon)

   It inflicts extra damage upon your enemies.
   Int:       It affects your intelligence (-4).
   Dex:       It affects your dexterity (+3).
   rC:        It greatly protects you from cold.
 n - a +0 short sword
 A - a +0 long sword of flaming
Missiles
 d - 5 arrows
Armour
 c - a +0 leather armour
 j - a +1 pair of boots (worn)
 p - a +1 pair of gloves (worn)
 y - a +0 ring mail of fire resistance (worn)
Jewellery
 l - a ring of protection from cold (left hand)
 u - a ring of resist corrosion
Wands
 g - a wand of digging (4)
 s - a wand of charming (7)
 v - a wand of iceblast (15)
Scrolls
 e - 4 scrolls of teleportation
 h - a scroll of enchant armour
 i - a scroll of fear {unknown}
 m - a scroll of fog
 o - 4 scrolls of blinking
 w - a scroll of noise {unknown}
Potions
 f - 5 potions of curing
 k - 2 potions of mutation
 q - a potion of lignification
 r - a potion of flight
 t - 2 potions of haste {unknown}
 x - 2 potions of invisibility {unknown}
 z - a potion of brilliance {unknown}


   Skills:
 + Level 5.3 Fighting
 + Level 3.7 Long Blades
 * Level 8.8 Bows
 + Level 3.6 Armour
 - Level 3.2 Dodging
 - Level 2.0 Stealth


You had 7 spell levels left.
You didn't know any spells.
Your spell library contained the following spells:

 Spells                   Type           Power      Damage    Failure   Level
 Magic Dart               Conj           0%         1d3       69%         1
 Call Imp                 Summ           0%         N/A       83%         2
 Ensorcelled Hibernation  Hex/Ice        0%         N/A       83%         2
 Mephitic Cloud           Conj/Pois/Air  0%         N/A       96%         3
 Spider Form              Tmut/Pois      0%         N/A       96%         3
 Anguish                  Hex/Necr       0%         N/A       100%        4


Dungeon Overview and Level Annotations

Branches:
Dungeon (6/15)              Sewer (visited)
 Temple: D:4-7

Altars:
Qazlal

Shops:
D:3 *


Innate Abilities, Weirdness & Mutations

You have a pair of horns on your head.
You reflexively headbutt those who attack you in melee.


Message History

You destroy the centaur skeleton!
The shadow imp barely misses you.
You closely miss the shadow imp.
The shadow imp is moderately wounded.
The shadow imp completely misses you. The shadow imp barely misses you.
The howler monkey hits you.
You hit the shadow imp.
You kill the shadow imp!
An iguana comes into view.
The howler monkey hits you but does no damage.
Aiming: Charm
Press: ? - help, Q - select action, (/) - cycle Shift-Dir - straight line, f - howler monkey
Aim: a howler monkey (chance to affect: 57%)
The howler monkey is charmed.
The orc warrior hits you from afar with a +0 halberd!
You closely miss the black bear. The black bear bites you.
The black bear claws you but does no damage.
The black bear closely misses you.
Your howler monkey hits the black bear.
The orc warrior hits you from afar with a +0 halberd.
Your howler monkey completely misses the black bear.
The iguana hisses menacingly.
The black bear closely misses your howler monkey.
The black bear claws your howler monkey. x2
You strike the helpless black bear from behind!
You slash the black bear!
The black bear is heavily wounded.
Your howler monkey hits the black bear.
The orc warrior misses you. The black bear closely misses you.
The black bear claws you. x2
You slash the black bear!
The black bear is almost dead.
Your howler monkey hits the black bear.
The orc warrior hits you from afar with a +0 halberd.
The black bear goes berserk!
You slash the black bear!
You kill the black bear!
The orc warrior hits you from afar with a +0 halberd!
* * * LOW HITPOINT WARNING * * *
Your howler monkey hits the orc warrior but does no damage.
The orc warrior hits you from afar with a +0 halberd!
You die...

.. #.... ##.#
#..... #..
######...... #
##.###.........(#
#.# ##.........#.#
..###..
.......###†..#
#....#
##..#####..###
#.†#.# ...####....#
#.hol# .#####...###
#@###.(# ##
#...#### #.# . #
#......#####.###..#
# ##.###..........#
#####).#
######...#.#
......## #.....#
.###### #..###...
## #..# #.# # #...
#


You could see an orc warrior (ally target), an iguana and a friendly howler
monkey (charmed).

Vanquished Creatures
  An ice beast (D:4)
  2 black bears (D:6)
  A sky beast (D:5)
  An ogre (D:5)
  A phantom (D:4)
  3 scorpions
  A water moccasin zombie (D:5)
  2 hounds
  A centaur skeleton (D:6)
  Ijyb (D:4)
  2 iguanas
  Robin (D:4)
  8 adders
  6 river rats (Sewer)
  A shadow imp (D:6)
  5 dart slugs
  7 orcs (D:5)
  5 ball pythons
  8 bats
  4 endoplasms
  2 giant cockroaches
  18 goblins
  10 hobgoblins
  8 jackals (D:4)
  6 kobolds
  8 quokkas
  10 frilled lizards
  8 rats
131 creatures vanquished.

Vanquished Creatures (others)
  14 plants (D:3)
14 creatures vanquished.

Grand Total: 145 creatures vanquished

Notes
Turn   | Place    | Note
-------+----------+-------------------------------------------
     0 | D:1      | experimilk the Minotaur Hunter began the quest for the Orb.
     0 | D:1      | Reached XP level 1. HP: 18/18 MP: 0/0
    51 | D:1      | Reached skill level 1 in Stealth
   170 | D:1      | Reached XP level 2. HP: 25/25 MP: 1/1
   516 | D:1      | Reached XP level 3. HP: 31/31 MP: 2/2
  1428 | D:2      | Reached XP level 4. HP: 38/38 MP: 3/3
  1880 | D:3      | Found Suaf's General Store.
  1889 | D:3      | Bought a scroll of teleportation for 36 gold pieces
  2099 | D:3      | Found a faded altar of an unknown god.
  2326 | D:4      | Noticed Ijyb
  2345 | D:4      | Killed Ijyb
  2346 | D:4      | Reached skill level 5 in Bows
  2506 | D:4      | Noticed a scorpion
  2513 | D:4      | Killed a scorpion
  2514 | D:4      | Reached XP level 5. HP: 34/45 MP: 4/4
  2539 | D:4      | Found a glowing drain.
  2546 | Sewer    | Entered a sewer
  2652 | Sewer    | Reached skill level 6 in Bows
  3338 | D:4      | Reached XP level 6. HP: 51/51 MP: 5/5
  3388 | D:4      | Reached skill level 7 in Bows
  3624 | D:4      | Noticed an ice beast
  3636 | D:4      | Killed an ice beast
  3637 | D:4      | Reached skill level 1 in Long Blades
  3637 | D:4      | Reached skill level 1 in Armour
  3986 | D:4      | Noticed Robin
  4000 | D:4      | Killed Robin
  4001 | D:4      | Reached XP level 7. HP: 38/59 MP: 6/6
  4547 | D:4      | Found a stormy altar of Qazlal.
  4713 | D:5      | Entered Level 5 of the Dungeon
  5365 | D:5      | Reached skill level 8 in Bows
  6358 | D:6      | Identified the +11 falchion of Destruction {vorpal, rC++
                  | Int-4 Dex+3}
  6386 | D:6      | Reached skill level 5 in Fighting
  6386 | D:6      | Reached XP level 8. HP: 59/68 MP: 7/7
  6470 | D:6      | Slain by an orc warrior

Illustrated notes

Levels and vault maps discovered:
D:1:      dpeg_arrival_arbitrary_a, layout_basic, corexii_leaking_fountain
D:2:      layout_loops_ring, minmay_close_crescents
D:3:      layout_basic, hellmonk_ecumenical_altar_pennies_from_heaven,
          serial_shops, nicolae_shop_advertising_works
          [nicolae_subvault_shop_adworks], minmay_misc_feat_roman,
          serial_bayou_lake_a
D:4:      layout_gridville, kennysheep_mini, gup_sewer_entry_pipe, hex_medium,
          uniq_ijyb, uniq_robin
D:5:      layout_basic, minmay_misc_feat_hallway
D:6:      layout_rooms, minmay_starry_boxes

Skill      XL: |  1  2  3  4  5  6  7 |
---------------+----------------------+-----
Stealth        | 1 2 |  2.0
Fighting       | 3 4 5 |  5.3
Dodging        | 3 |  3.2
Bows           | 5 6 7 8 |  8.8
Long Blades    | 1 3 |  3.7
Armour         | 1 3 |  3.6

Action                   |  1- 3 |  4- 6 |  7- 9 || total
-------------------------+-------+-------+-------++-------
Melee: Short sword       |    19 |    21 |       ||    40
       Headbutt          |     4 |    25 |     5 ||    34
       Long sword        |       |   122 |    56 ||   178
       Punch             |       |     1 |       ||     1
       Falchion          |       |       |    17 ||    17
 Fire: Shortbow          |    78 |     2 |    30 ||   110
Evoke: Wand              |       |       |     1 ||     1
  Use: Scroll            |       |     8 |     2 ||    10
 Stab: Sleeping          |       |     6 |       ||     6
       Distracted        |       |       |     1 ||     1
Armor: Leather armour    |     8 |    65 |    20 ||    93
       Ring mail         |       |       |    11 ||    11
Dodge: Dodged            |    27 |   118 |    71 ||   216
